 Dungeon Crawl Stone Soup version 0.21.1-1-g345015f (webtiles) character file.

46 chorionicmirror the Grave Robber (level 3, -9/26 HPs)
             Began as a Demonspawn Necromancer on June 25, 2018.
             Killed by divine providence
             ... invoked by an orc priest
              (16 damage)
             ... on level 3 of the Dungeon.
             The game lasted 00:09:02 (1657 turns).

chorionicmirror the Grave Robber (DsNe)             Turns: 1657, Time: 00:09:07

Health: -9/26      AC:  3    Str:  9    XL:     3   Next: 46%
Magic:  3/6        EV: 12    Int: 16    God:
Gold:   14         SH:  0    Dex: 13    Spells: 4/6 levels left

rFire    . . .     SeeInvis .   e - +0 dagger (curse)
rCold    . . .     Gourm    .   (no shield)
rNeg     . . .     Faith    .   l - +0 leather armour (curse)
rPois    .         Spirit   .   (helmet restricted)
rElec    .         Reflect  .   (no cloak)
rCorr    .         Harm     .   (no gloves)
MR       .....                  (no boots)
Stlth    ++........             (no amulet)
HPRegen  0.08/turn              (no ring)
MPRegen  0.10/turn              (no ring)

@: no status effects
A: hooves 1, horns 1, thin skeletal structure 1, clumsy 1
a: no special abilities


You were on level 3 of the Dungeon.
You were not hungry.

You visited 1 branch of the dungeon, and saw 3 of its levels.

You collected 14 gold pieces.

Inventory:

Hand Weapons
 e - a cursed +0 dagger (weapon)
Missiles
 f - 30 sling bullets
Armour
 l - a cursed +0 leather armour (worn)
Potions
 g - a potion of heal wounds
 j - a potion of curing
Books
 b - a book of Necromancy

   Spells                             Type                      Level
   a - Pain                           Necromancy                   1
   b - Animate Skeleton               Necromancy                   1
   c - Vampiric Draining              Necromancy                   3
   d - Regeneration                   Charms/Necromancy            3
   e - Animate Dead                   Necromancy                   4
   f - Borgnjor's Vile Clutch         Necromancy/Earth             5
Comestibles
 c - 2 rations


   Skills:
 + Level 1.4 Fighting
 - Level 2.0 Dodging
 - Level 2.0 Stealth
 - Level 2.0 Spellcasting
 * Level 5.2 Necromancy


You had 4 spell levels left.
You knew the following spells:

 Your Spells              Type           Power        Failure   Level  Hunger
a - Pain                  Necr           ###.         3%          1    #......
b - Animate Skeleton      Necr           N/A          3%          1    #......


Dungeon Overview and Level Annotations

Branches:
Dungeon (3/15)

Altars:


Innate Abilities, Weirdness & Mutations

You have a pair of small horns on your head.
You have a somewhat thin skeletal structure. (Dex +2, Stealth)
You have large cloven feet.
You are clumsy. (Dex -2)


Message History

The orc priest writhes in agony!
The orc priest hits you.
You hit the orc priest but do no damage.
The orc priest is lightly wounded.
The orc priest hits you but does no damage.
You hit the orc priest but do no damage.
You headbutt the orc priest.
The orc priest is heavily wounded.
The orc priest hits you but does no damage.
You barely miss the orc priest. Your kick misses the orc priest.
The orc priest is heavily wounded.
The orc priest mumbles some strange prayers to Beogh against you.
Beogh smites you!
* * * LOW HITPOINT WARNING * * *
You hit the orc priest but do no damage.
You headbutt the orc priest.
The orc priest is severely wounded.
The orc priest invokes the aid of Beogh against you.
Beogh smites you!
Ouch! That really hurt!
You die...

#. #.# #..# ##. #.#
#..# ##
...###.####..# ##. #
# #.#.....##(.# #.#
#.#. #...###.##..#
##. ...#####.#
#..(..# #.
.$.#...###.###.####.
#o#.#.....# #.#....
#.@.###.### #.#.###
######...####.#.#
.............#.#
#####...######.#
##.## #.# #.# #.#
...######.# #.#
#.........# #.#
##.##.##.## #.#


You could see an orc priest.

Vanquished Creatures
  A worm (D:2)
  3 leopard geckos
  An orc (D:2)
  A giant cockroach (D:2)
  4 goblins
  5 hobgoblins
  3 jackals (D:2)
  2 ball pythons (D:2)
  2 bats (D:2)
  5 frilled lizards
  5 kobolds
  6 rats
38 creatures vanquished.

Vanquished Creatures (collateral kills)
  A hobgoblin (D:2)
1 creature vanquished.

Grand Total: 39 creatures vanquished

Notes
Turn   | Place    | Note
-------+----------+-------------------------------------------
     0 | D:1      | chorionicmirror the Demonspawn Necromancer began the quest for the Orb.
     0 | D:1      | Reached XP level 1. HP: 13/13 MP: 3/3
    52 | D:1      | Learned a level 1 spell: Animate Skeleton
   352 | D:1      | Learned a level 1 spell: Pain
   375 | D:1      | Gained mutation: You have a somewhat thin skeletal structure. (Dex +2, Stealth) [demonic ancestry]
   375 | D:1      | Reached XP level 2. HP: 20/20 MP: 3/5
   752 | D:2      | Reached skill level 1 in Fighting
   916 | D:2      | Reached skill level 5 in Necromancy
  1042 | D:2      | Gained mutation: You have a pair of small horns on your head. [demonic ancestry]
  1042 | D:2      | Reached XP level 3. HP: 25/26 MP: 3/6
  1287 | D:2      | Gained mutation: You are clumsy. (Dex -2) [potion of mutation]
  1287 | D:2      | Gained mutation: You have large cloven feet. [potion of mutation]
  1657 | D:3      | Killed from afar by an orc priest

Skill      XL: |  1  2 |
---------------+-------+-----
Stealth        | 2 |  2.0
Dodging        | 2 |  2.0
Fighting       | 1 |  1.4
Necromancy     | 5 |  5.2
Spellcasting   | |  2.0

Action                   || total
-------------------------++-------
Melee: Unarmed           ||     2
       Dagger            ||    38
       Headbutt          ||     3
 Cast: Pain              ||    53
       Animate Skeleton  ||    18
  Use: Scroll            ||     5
       Potion            ||     5
  Eat: Chunk             ||     3
Armor: Robe              ||     3
       Leather armour    ||     2
Dodge: Dodged            ||    18
